[ AOE2 MATCH · #506883652 ]
UnrankedTeutons vs Spanish
Player's team · WIN
Rival team · LOSS
[ REPLAY ANALYSIS · EXTRACTED FROM THE RECORDED GAME ]
Feudal
8:51
Castle
26:56
Imperial
—
| APM avg | 56.9 |
| APM peak | 102 |
| eAPM avg | 26.6 |
| Villagers / military | 64 / 33 |
Focus
⚔️ 43.3% · 🌾 56.7%
Archer ×30 · Spearman ×3
Feudal
9:42
Castle
14:01
Imperial
—
| APM avg | 53.2 |
| APM peak | 92 |
| eAPM avg | 26.4 |
| Villagers / military | 32 / 23 |
Focus
⚔️ 32.8% · 🌾 67.2%
Conquistador ×21 · Mangonel ×1 · Battering Ram ×1
Match map
Initial resources + every placement click. Lines = walls · curves = elevation contours. ◆ gold · ⬟ stone · ● berries · ✦ relic · ◌ wall gap
Your base· Open — unwalled flank
Çıkmaz Sokak's base· Open — unwalled flank
Smoothed initial terrain · ◌ = detected wall gap · hover for details
Inputs per minute
— Papillon - - Çıkmaz Sokak
Build order — Papillon
First 150 of 181 actions detected
| 0:00 | Queue | Villager (Male) |
| 0:02 | Build | House |
| 0:02 | Build | House |
| 0:04 | Queue | Villager (Male) |
| 0:06 | Queue | Villager (Male) |
| 0:08 | Queue | Villager (Male) |
| 1:24 | Queue | Villager (Male) |
| 2:04 | Queue | Villager (Male) |
| 2:05 | Queue | Villager (Male) |
| 2:14 | Build | Lumber Camp |
| 2:19 | Queue | Villager (Male) |
| 2:19 | Queue | Villager (Male) |
| 2:19 | Queue | Villager (Male) |
| 2:48 | Queue | Villager (Male) |
| 3:05 | Queue | Villager (Male) |
| 3:35 | Build | House |
| 3:36 | Build | House |
| 3:40 | Queue | Villager (Male) |
| 3:40 | Queue | Villager (Male) |
| 4:06 | Queue | Villager (Male) |
| 4:07 | Queue | Villager (Male) |
| 4:55 | Queue | Villager (Male) |
| 4:55 | Queue | Villager (Male) |
| 4:55 | Queue | Villager (Male) |
| 5:02 | Queue | Villager (Male) |
| 5:03 | Queue | Villager (Male) |
| 5:21 | Queue | Villager (Male) |
| 5:21 | Queue | Villager (Male) |
| 5:25 | Build | Mill |
| 5:38 | Research | Loom |
| 6:38 | Research | Feudal Age |
| 6:38 | Research | Feudal Age |
| 7:53 | Build | Barracks |
| 8:32 | Queue | Villager (Male) |
| 8:32 | Queue | Villager (Male) |
| 8:51 | Age | Feudal Age |
| 8:52 | Build | Archery Range |
| 8:56 | Queue | Villager (Male) |
| 8:58 | Research | Double-Bit Axe |
| 9:16 | Build | Mining Camp |
| 9:24 | Queue | Villager (Male) |
| 9:28 | Queue | Spearman |
| 9:32 | Build | House |
| 9:41 | Queue | Spearman |
| 9:54 | Queue | Archer |
| 10:04 | Queue | Villager (Male) |
| 10:07 | Build | House |
| 10:14 | Queue | Spearman |
| 10:16 | Queue | Villager (Male) |
| 10:38 | Queue | Archer |
| 10:38 | Queue | Archer |
| 10:58 | Queue | Villager (Male) |
| 11:01 | Build | Blacksmith |
| 11:15 | Queue | Archer |
| 11:15 | Queue | Archer |
| 11:16 | Queue | Villager (Male) |
| 11:34 | Queue | Archer |
| 11:54 | Queue | Villager (Male) |
| 11:57 | Queue | Villager (Male) |
| 11:58 | Queue | Villager (Male) |
| 12:07 | Queue | Archer |
| 12:13 | Queue | Villager (Male) |
| 12:22 | Research | Fletching |
| 12:23 | Research | Fletching |
| 12:51 | Build | Farm |
| 12:51 | Build | Farm |
| 12:51 | Build | Farm |
| 13:09 | Queue | Villager (Male) |
| 13:12 | Build | Mining Camp |
| 13:30 | Build | Watch Tower |
| 13:34 | Queue | Archer |
| 13:35 | Queue | Archer |
| 13:35 | Queue | Archer |
| 13:40 | Build | House |
| 13:43 | Build | Palisade Wall |
| 13:45 | Build | Palisade Wall |
| 13:47 | Build | Palisade Wall |
| 14:04 | Queue | Villager (Male) |
| 14:04 | Queue | Villager (Male) |
| 14:12 | Research | Town Watch |
| 14:14 | Queue | Villager (Male) |
| 14:16 | Build | House |
| 14:39 | Build | House |
| 14:40 | Build | House |
| 14:50 | Queue | Villager (Male) |
| 15:04 | Queue | Archer |
| 15:05 | Queue | Villager (Male) |
| 15:08 | Research | Padded Archer Armor |
| 15:08 | Research | Padded Archer Armor |
| 15:14 | Build | Watch Tower |
| 15:31 | Queue | Villager (Male) |
| 15:47 | Queue | Villager (Male) |
| 16:00 | Build | Watch Tower |
| 16:08 | Queue | Archer |
| 16:27 | Queue | Villager (Male) |
| 16:50 | Queue | Archer |
| 16:50 | Queue | Archer |
| 16:53 | Build | House |
| 17:00 | Queue | Villager (Male) |
| 17:25 | Build | Lumber Camp |
| 17:29 | Queue | Archer |
| 17:29 | Queue | Archer |
| 17:32 | Queue | Villager (Male) |
| 17:51 | Queue | Villager (Male) |
| 18:01 | Queue | Villager (Male) |
| 18:48 | Queue | Villager (Male) |
| 19:07 | Queue | Archer |
| 19:07 | Queue | Archer |
| 19:08 | Build | Watch Tower |
| 19:09 | Build | Farm |
| 19:10 | Build | Farm |
| 19:10 | Build | Farm |
| 19:10 | Build | Farm |
| 19:10 | Build | Farm |
| 19:13 | Build | Watch Tower |
| 19:26 | Queue | Villager (Male) |
| 19:28 | Build | House |
| 19:31 | Build | House |
| 19:31 | Build | House |
| 19:32 | Build | House |
| 19:33 | Build | House |
| 19:42 | Queue | Villager (Male) |
| 19:43 | Build | Farm |
| 19:44 | Build | House |
| 20:16 | Queue | Villager (Male) |
| 20:22 | Build | Watch Tower |
| 20:27 | Queue | Villager (Male) |
| 20:38 | Build | House |
| 20:41 | Build | House |
| 21:11 | Queue | Villager (Male) |
| 21:11 | Queue | Villager (Male) |
| 21:14 | Build | Farm |
| 21:14 | Build | Farm |
| 21:15 | Build | Farm |
| 21:15 | Build | Farm |
| 21:34 | Queue | Villager (Male) |
| 21:36 | Build | Palisade Wall |
| 21:42 | Build | Market |
| 22:03 | Queue | Archer |
| 22:03 | Queue | Archer |
| 22:09 | Queue | Villager (Male) |
| 22:14 | Queue | Villager (Male) |
| 22:29 | Build | Farm |
| 22:30 | Build | Farm |
| 22:31 | Build | Farm |
| 22:31 | Build | Farm |
| 22:40 | Queue | Villager (Male) |
| 22:48 | Queue | Archer |
| 22:49 | Queue | Archer |
| 22:50 | Queue | Villager (Male) |
Build order — Çıkmaz Sokak
102 actions detected in the replay
| 0:01 | Build | House |
| 0:02 | Queue | Villager (Male) |
| 0:14 | Queue | Villager (Male) |
| 0:14 | Queue | Villager (Male) |
| 0:27 | Queue | Villager (Male) |
| 1:26 | Build | House |
| 1:30 | Queue | Villager (Male) |
| 1:30 | Queue | Villager (Male) |
| 1:47 | Queue | Villager (Male) |
| 1:53 | Build | House |
| 2:16 | Queue | Villager (Male) |
| 2:16 | Queue | Villager (Male) |
| 2:53 | Queue | Villager (Male) |
| 2:58 | Build | Lumber Camp |
| 3:06 | Queue | Villager (Male) |
| 3:25 | Queue | Villager (Male) |
| 3:25 | Queue | Villager (Male) |
| 3:52 | Queue | Villager (Male) |
| 3:52 | Queue | Villager (Male) |
| 4:18 | Queue | Villager (Male) |
| 4:45 | Queue | Villager (Male) |
| 4:58 | Build | Mill |
| 5:09 | Queue | Villager (Male) |
| 5:27 | Queue | Villager (Male) |
| 5:29 | Queue | Villager (Male) |
| 5:31 | Build | House |
| 5:32 | Build | Palisade Wall |
| 6:31 | Queue | Villager (Male) |
| 6:34 | Research | Loom |
| 7:20 | Research | Feudal Age |
| 7:20 | Research | Feudal Age |
| 7:27 | Build | Mining Camp |
| 8:17 | Queue | Villager (Male) |
| 8:43 | Build | Palisade Wall |
| 8:48 | Build | Palisade Wall |
| 8:52 | Research | Loom |
| 8:52 | Queue | Villager (Male) |
| 9:02 | Build | Palisade Wall |
| 9:42 | Age | Feudal Age |
| 9:50 | Queue | Villager (Male) |
| 10:01 | Build | Market |
| 10:07 | Build | Blacksmith |
| 11:21 | Research | Castle Age |
| 11:21 | Research | Castle Age |
| 11:35 | Build | Watch Tower |
| 12:49 | Research | Double-Bit Axe |
| 12:49 | Research | Double-Bit Axe |
| 13:27 | Queue | Villager (Male) |
| 13:29 | Build | House |
| 14:01 | Age | Castle Age |
| 14:02 | Queue | Villager (Male) |
| 14:05 | Queue | Villager (Male) |
| 14:20 | Build | Farm |
| 14:22 | Build | Farm |
| 14:27 | Queue | Villager (Male) |
| 14:28 | Queue | Villager (Male) |
| 15:05 | Build | Castle |
| 15:19 | Build | Farm |
| 15:26 | Queue | Villager (Male) |
| 15:28 | Build | Farm |
| 15:46 | Build | Farm |
| 16:19 | Queue | Conquistador |
| 16:19 | Queue | Conquistador |
| 16:23 | Build | Palisade Wall |
| 17:00 | Build | Mining Camp |
| 17:34 | Build | Farm |
| 18:30 | Queue | Conquistador |
| 18:41 | Queue | Conquistador |
| 18:41 | Queue | Conquistador |
| 19:03 | Build | Mining Camp |
| 19:55 | Queue | Conquistador |
| 19:56 | Queue | Conquistador |
| 20:17 | Queue | Conquistador |
| 20:17 | Queue | Conquistador |
| 20:33 | Queue | Conquistador |
| 20:33 | Queue | Conquistador |
| 20:58 | Queue | Conquistador |
| 21:30 | Queue | Villager (Male) |
| 22:12 | Queue | Conquistador |
| 22:18 | Build | Siege Workshop |
| 22:21 | Queue | Conquistador |
| 22:27 | Queue | Villager (Male) |
| 22:43 | Queue | Conquistador |
| 22:43 | Queue | Conquistador |
| 22:57 | Build | Farm |
| 23:34 | Queue | Mangonel |
| 23:36 | Build | House |
| 23:49 | Build | Farm |
| 24:01 | Queue | Conquistador |
| 24:30 | Build | Farm |
| 24:45 | Queue | Conquistador |
| 25:03 | Queue | Conquistador |
| 25:06 | Build | Farm |
| 25:54 | Research | Padded Archer Armor |
| 25:54 | Research | Padded Archer Armor |
| 25:54 | Research | Padded Archer Armor |
| 26:34 | Queue | Battering Ram |
| 27:01 | Queue | Conquistador |
| 27:19 | Research | Leather Archer Armor |
| 27:19 | Research | Leather Archer Armor |
| 27:20 | Research | Leather Archer Armor |
| 27:52 | Queue | Conquistador |
Match timeline
| 5:32 | Çıkmaz Sokak · wall_segment Palisade Wall x4 |
| 7:53 | Papillon · first_building Barracks |
| 8:43 | Çıkmaz Sokak · wall_segment Palisade Wall x4 |
| 8:48 | Çıkmaz Sokak · wall_segment Palisade Wall x1 |
| 8:51 | Papillon · age_up feudal |
| 8:52 | Papillon · first_building Archery Range |
| 9:02 | Çıkmaz Sokak · wall_segment Palisade Wall x1 |
| 9:42 | Çıkmaz Sokak · age_up feudal |
| 11:20 | Çıkmaz Sokak · first_market_sell 100 stone |
| 13:43 | Papillon · wall_segment Palisade Wall x1 |
| 13:45 | Papillon · wall_segment Palisade Wall x1 |
| 13:47 | Papillon · wall_segment Palisade Wall x1 |
| 14:01 | Çıkmaz Sokak · age_up castle |
| 14:18 | Çıkmaz Sokak · first_market_buy 100 stone |
| 15:05 | Çıkmaz Sokak · first_building Castle |
| 16:23 | Çıkmaz Sokak · wall_segment Palisade Wall x1 |
| 21:36 | Papillon · wall_segment Palisade Wall x1 |
| 22:18 | Çıkmaz Sokak · first_building Siege Workshop |
| 22:34 | Papillon · first_market_buy 100 food |
| 23:47 | Papillon · first_market_sell 100 wood |
| 26:56 | Papillon · age_up castle |
| 28:15 | Çıkmaz Sokak · resign |
[ AI ANALYSIS · 1 CREDIT ]
What really happened in this match?
Wolo.gg analyzes every decision: build order, eco, micro, common mistakes by bracket. Personalized analysis on WhatsApp or Discord in 30 seconds.
Civ guide
Teutons
Perfil
Papillon